 Dungeon Crawl Stone Soup version 0.24.0-28-g17ded55e90 (webtiles) character file.

Game seed: 2289561966259216207, levelgen mode: deterministic

442 sking99 the Gusty (level 7, 37/37 HPs)
             Began as a Tengu Air Elementalist on Nov 12, 2019.
             Was an Initiate of Sif Muna.
             Quit the game on level 4 of the Dungeon.
             The game lasted 00:10:27 (5057 turns).

sking99 the Gusty (Tengu Air Elementalist)          Turns: 5057, Time: 00:10:27

Health: 37/37      AC:  2    Str:  9    XL:     7   Next: 2%
Magic:  0/12       EV: 16    Int: 16    God:    Sif Muna [......]
Gold:   139        SH:  0    Dex: 15    Spells: 2/12 levels left

rFire    . . .     SeeInvis .   o - +3 dagger (venom)
rCold    . . .     Gourm    .   (no shield)
rNeg     . . .     Faith    .   a - +0 robe
rPois    .         Spirit   .   (helmet restricted)
rElec    .         Reflect  .   (no cloak)
rCorr    .         Harm     .   (no gloves)
MR       .....                  (boots unavailable)
Stlth    ++........             (no amulet)
HPRegen  0.12/turn              (no ring)
MPRegen  0.13/turn              (no ring)

@: flying quickly and evasively, quick
A: beak, talons 3, able to fly
a: Stop Flying, Renounce Religion


You were on level 4 of the Dungeon.
You worshipped Sif Muna.
Sif Muna was noncommittal.
You were hungry.

You visited 1 branch of the dungeon, and saw 4 of its levels.
You also visited: Ossuary.

You collected 139 gold pieces.

Inventory:

Hand Weapons
 o - a +3 dagger of venom (weapon)
Armour
 a - a +0 robe (worn)
Jewellery
 d - an uncursed ring of ice {unknown}
 n - an uncursed amulet of guardian spirit {unknown}
Scrolls
 e - 2 scrolls of teleportation
 f - 3 scrolls of immolation {unknown}
 g - a scroll of fear
 k - 3 scrolls of random uselessness {unknown}
 m - 2 scrolls of identify
 p - 2 scrolls of blinking
 u - 3 scrolls of remove curse {unknown}
Potions
 b - 2 potions of might
 h - 5 potions of degeneration {unknown}
 i - a potion of berserk rage
 j - 2 potions of flight
 l - 3 potions of heal wounds {unknown}
 q - 2 potions of curing
 r - 5 potions of lignification {unknown}
 s - 4 potions of ambrosia {unknown}
 t - 2 potions of mutation {unknown}
 v - 2 potions of resistance {unknown}
Comestibles
 c - 7 rations
 w - 6 chunks of flesh


   Skills:
 + Level 0.4 Fighting
 - Level 3.5 Dodging
 - Level 2.0 Stealth
 + Level 3.1 Spellcasting
 * Level 5.3 Conjurations
 * Level 6.8 Air Magic


You had 2 spell levels left.
You knew the following spells:

 Your Spells              Type           Power        Failure   Level  Hunger
a - Shock                 Conj/Air       ###.         1%          1    None
b - Swiftness             Chrm/Air       ##......     7%          2    ##.....
c - Static Discharge      Conj/Air       ###.....     4%          3    ###....
d - Airstrike             Air            ###.......   11%         4    ####...

Your spell library contained the following spells:

 Spells                   Type           Power        Failure   Level  Hunger
 Lightning Bolt           Conj/Air       ###.......   38%         5    ######.


Dungeon Overview and Level Annotations

Branches:
Dungeon (4/15)             Temple (0/1) D:4         Ossuary (visited)

Altars:
Sif Muna
Trog
Uskayaw
Yredelemnul
Zin

Annotations:
D:3 2 transporters, OleJ's ghost, weakling GnWn


Innate Abilities, Weirdness & Mutations

You have a beak for a mouth.
You have claws for feet.
You can fly continuously.


Message History

The zap hits the iguana but does no damage.
The iguana is heavily wounded.
The iguana misses you.
Casting: Shock (safe; 1% risk of failure)
Confirm with . or Enter, or press ? or * to list all spells.
Aiming: Shock (safe; 1% risk of failure)
Press: ? - help, Shift-Dir - straight line, f/p - iguana
Aim: an iguana (heavily wounded)
The zap hits the iguana.
The iguana is almost dead.
The iguana misses you.
Casting: Shock (safe; 1% risk of failure)
Confirm with . or Enter, or press ? or * to list all spells.
You don't have enough magic to cast that spell.
Unknown command.
You hit the iguana.
You kill the iguana!
Sif Muna accepts your kill.
You have reached level 7!
Are you sure you want to abandon this character and quit the game? (Confirm with "yes".)

******,,,**** **,,,** ***,***
,,,,,,,,,,,,* *#'#* *.#
*****,,,,**,* #.# #######.###
*,*,***,*** #.# ##...##...).
*,*,,,,*,,* ##.###.....#.8.8.
*,*,,,***,*##...#............
*,*,**,*,,*#.................
*,,,,...#)###...#.......#....
***,**#.....@...........#_)..
*,* ###.####.####.....#....
*,*****,* #.# #####......
*,,,,,,,* #.# #......
********* #### ##.8.8. ###.#
#..... ########§._## ##.#.#
###......'...8# #...#
#.....÷###≈._## ##..#


There were no monsters in sight!

Vanquished Creatures
  An ogre (D:1)
  A centaur zombie (Ossuary)
  A centaur skeleton (D:4)
  An iguana (D:4)
  A worker ant (D:4)
  A big kobold zombie (Ossuary)
  5 mummies (Ossuary)
  3 gnolls (D:2)
  2 adders (D:2)
  A shadow imp (D:4)
  An ooze (D:1)
  A worm (D:2)
  2 dart slugs (D:1)
  5 leopard geckos
  11 orcs
  4 giant cockroaches
  11 goblins
  7 hobgoblins
  4 jackals
  A quokka (D:3)
  3 bats
  4 frilled lizards
  A goblin zombie (Ossuary)
  2 hobgoblin zombies (Ossuary)
  7 kobolds
  3 kobold zombies (Ossuary)
  8 rats
92 creatures vanquished.

Notes
Turn   | Place    | Note
-------+----------+-------------------------------------------
     0 | D:1      | sking99 the Tengu Air Elementalist began the quest for the
                  | Orb.
     0 | D:1      | Reached XP level 1. HP: 10/10 MP: 4/4
   278 | D:1      | Reached XP level 2. HP: 15/15 MP: 3/6
   387 | D:1      | Learned a level 2 spell: Swiftness
   631 | D:1      | You fall into a shaft and drop 1 floor!
   631 | D:2      | Found a basalt altar of Yredelemnul.
   717 | D:2      | Noticed an ogre
   823 | D:1      | Reached XP level 3. HP: 18/19 MP: 0/7
  1202 | D:1      | Killed an ogre
  1202 | D:1      | Reached skill level 5 in Air Magic
  1202 | D:1      | Reached XP level 4. HP: 24/24 MP: 0/8
  1202 | D:1      | Gained mutation: You can fly continuously. [Tengu growth]
  1202 | D:1      | Reached XP level 5. HP: 28/28 MP: 0/9
  2875 | D:3      | Noticed OleJ's ghost (weakling GnWn)
  2884 | D:3      | Found a transporter.
  2900 | D:3      | Found a transporter.
  3093 | D:3      | Learned a level 3 spell: Static Discharge
  3306 | D:3      | Reached skill level 6 in Air Magic
  3627 | D:4      | Reached XP level 6. HP: 29/32 MP: 6/11
  3665 | D:4      | Found a sand-covered staircase.
  3674 | Ossuary  | Entered an ossuary
  4355 | D:4      | Reached skill level 5 in Conjurations
  4518 | D:4      | Found a glowing silver altar of Zin.
  4646 | D:4      | Found a hide-covered altar of Uskayaw.
  4697 | D:4      | Learned a level 4 spell: Airstrike
  4712 | D:4      | Found a bloodstained altar of Trog.
  4712 | D:4      | Found a shimmering blue altar of Sif Muna.
  4717 | D:4      | Became a worshipper of Sif Muna the Loreminder
  4890 | D:4      | Found a staircase to the Ecumenical Temple.
  5056 | D:4      | Reached XP level 7. HP: 37/37 MP: 0/12
  5057 | D:4      | Quit the game

Levels and vault maps discovered:
D:1:      psy_arrival_fountain, layout_loops_ring, item_on_display_a
D:2:      layout_rooms, yredelemnul_altar_generic, roderic_serpentine_path
D:3:      layout_loops_cross, gammafunk_ghost_stat_death
D:4:      layout_loops_corners, chequers_temple_overflow_minitemple,
          eat_drink_and_be_merry_uskayaw, zin_scriptorium,
          gammafunk_temple_overflow_statue, minmay_temple_entry_fiery,
          first_ration, nicolae_ossuary_entry_ruins, minmay_distorted

Skill      XL: |  1  2  3  4  5  6 |
---------------+-------------------+-----
Conjurations   | 2 3 4 5 |  5.3
Dodging        | 3 |  3.5
Air Magic      | 5 6 |  6.8
Spellcasting   | 3 |  3.1
Fighting       | |  0.4
Stealth        | |  2.0

Action                   |  1- 3 |  4- 6 |  7- 9 || total
-------------------------+-------+-------+-------++-------
Melee: Unarmed           |     3 |     4 |       ||     7
       Kick              |     1 |     6 |       ||     7
       Peck              |     1 |     2 |       ||     3
       Dagger            |       |    24 |       ||    24
 Cast: Shock             |    52 |   168 |       ||   220
       Airstrike         |       |     2 |       ||     2
 Abil: Fly               |       |     1 |       ||     1
  Use: Scroll            |       |    10 |       ||    10
  Eat: Chunk             |     1 |     6 |       ||     7
       Ration            |       |     2 |       ||     2
Armor: Robe              |     3 |     4 |       ||     7
Dodge: Dodged            |    12 |    48 |       ||    60
